 Dungeon Crawl Stone Soup version 0.28-a0-691-gad6df49e81 (webtiles) character file.

Game seed: 9173376254766117332

2251 ytrimaz the Cleaver (level 9, -2/71 HPs)
             Began as a Formicid Fighter on Oct 22, 2021.
             Was a Believer of Okawaru.
             Slain by an orc warrior (14 damage)
             ... on level 7 of the Dungeon.
             The game lasted 00:10:25 (6704 turns).

ytrimaz the Cleaver (Formicid Fighter)              Turns: 6704, Time: 00:10:26

Health: -2/71      AC: 14    Str: 23    XL:     9   Next: 64%
Magic:  12/12      EV: 10    Int: 11    God:    Okawaru [**....]
Gold:   353        SH:  4    Dex: 10    Spells: 8/8 levels left

rFire   + + .      SeeInvis +   e - +3 battleaxe (flame)
rCold   . . .      Faith    .   c - +0 buckler
rNeg    . . .      Spirit   .   b - +0 scale mail
rPois   .          Reflect  .   (helmet unavailable)
rElec   .          Harm     .   (no cloak)
rCorr   .          Rampage  .   t - +2 pair of gloves
Will    +....                   h - +2 pair of boots
Stlth   ..........              v - amulet of regeneration
HPRegen 1.21/turn               r - ring of protection from fire
MPRegen 0.13/turn               w - ring of protection from fire

@: marked
A: permanent stasis, dig shafts and tunnels, antennae 3, four strong arms,
clever 1, strong-willed 1
a: Dig, Shaft Self, Renounce Religion, Heroism


You were on level 7 of the Dungeon.
You worshipped Okawaru.
Okawaru was pleased with you.
You visited 2 branches of the dungeon, and saw 8 of its levels.
You also visited: Sewer.

You collected 353 gold pieces.

Inventory:

Hand Weapons
 a - a +0 war axe
 e - a +3 battleaxe of flaming (weapon)
Armour
 b - a +0 scale mail (worn)
 c - a +0 buckler (worn)
 h - a +2 pair of boots (worn)
 n - a +0 tower shield
 t - a +2 pair of gloves (worn)
Jewellery
 r - a ring of protection from fire (left hand)
 v - an amulet of regeneration (around neck)
 w - a ring of protection from fire (right hand)
Wands
 s - a wand of flame (7)
 u - a wand of paralysis (7)
 y - a wand of iceblast (17)
Scrolls
 f - 2 scrolls of noise
 k - 3 scrolls of vulnerability
 q - 2 scrolls of amnesia
 x - a scroll of magic mapping
 z - a scroll of enchant weapon
Potions
 d - a potion of lignification {unknown}
 i - 4 potions of flight
 j - a potion of brilliance {unknown}
 l - a potion of curing
 A - 2 potions of degeneration {unknown}
 B - a potion of might


   Skills:
 + Level 6.4 Fighting
 + Level 8.3 Axes
 + Level 7.5 Armour
 - Level 3.6 Shields
 * Level 5.1 Invocations


You had 8 spell levels left.
You didn't know any spells.
Your spell library contained the following spells:

 Spells                   Type           Power      Damage    Failure   Level
 Slow                     Hex            0%         N/A       77%         2
 Confusing Touch          Hex            0%         N/A       94%         3
 Gell's Gravitas          Tloc           0%         N/A       94%         3
 Lesser Beckoning         Tloc           0%         N/A       94%         3
 Teleport Other           Tloc           0%         N/A       94%         3
 Vampiric Draining        Necr           0%         2d6       94%         3


Dungeon Overview and Level Annotations

Branches:
Dungeon (7/15)             Temple (1/1) D:4           Sewer (visited)

Altars:
Ashenzari
Cheibriados
Dithmenos
Elyvilon
Gozag
Kikubaaqudgha
Makhleb
Nemelex Xobeh
Okawaru
Qazlal
Ru
Trog
Uskayaw
Vehumet
Xom
Yredelemnul
The Shining One

Shops:
D:2 *

Annotations:
D:7 Harold


Innate Abilities, Weirdness & Mutations

You cannot be hasted, slowed, berserked, paralysed or teleported.
You can dig through walls and to a lower floor.
You have a pair of large antennae on your head. (SInv)
Your four strong arms can wield two-handed weapons with a shield.
Your mind is acute. (Int +2)
You are strong-willed. (Will+)


Message History

The orc warrior hits you from afar with a +1 glaive of protection!!
Harold hits you but does no damage.
The orc hits you from afar with a +1 vorpal trident.
You rip the net and break free!
The orc warrior hits you from afar with a +1 glaive of protection!
Harold hits you but does no damage. The orc barely misses you.
Unknown command.
You slash Harold! You burn Harold.
Harold is moderately wounded.
The orc warrior closely misses you. Harold hits you with a +0 mace.
The orc closely misses you.
You completely miss Harold.
Harold is moderately wounded.
The orc warrior hits you from afar with a +1 glaive of protection!
* * * LOW HITPOINT WARNING * * *
Harold misses you. The orc hits you but does no damage.
Unknown command.
Harold gestures at you while chanting. A sentinel's mark forms upon you.
There is a stone staircase leading up here.
You feel like a meek peon again.
Magic restored.
You block the orc warrior's attack.
Harold throws a throwing net.
The throwing net hits you.
You become entangled in the net!
You stop ascending the stairs.
The orc hits you but does no damage.
Unknown command.
Unknown command.
You struggle against the net.
The orc warrior hits you but does no damage.
Harold gestures at you while chanting.
You barely resist. The orc hits you but does no damage.
Unknown command.
You struggle against the net.
The orc warrior hits you from afar with a +1 glaive of protection!
* * * LOW HITPOINT WARNING * * *
The orc hits you but does no damage.
Unknown command.
You shred the net and break free!
The orc warrior hits you from afar with a +1 glaive of protection!
You die...

## .. +.##.
#.... #."..
#....####
#.....#@##
$##....o@..##
......).o[..#
......).#..##
........####
....>..##
.......
....)..
.......


You could see Harold, an orc warrior and an orc.

Vanquished Creatures
  A two-headed ogre (D:6)
  Sigmund (D:6)
  Edmund (D:5)
  2 water moccasins
  An orc warrior (D:6)
  2 ogres
  2 bullfrogs
  2 scorpions
  A crimson imp (D:3)
  A bullfrog zombie (D:6)
  A centaur zombie (D:5)
  A centaur skeleton (D:6)
  2 orc priests
  A gnoll shaman (D:5)
  A hound (D:6)
  2 bullfrog skeletons
  Terence (D:2)
  4 orc wizards
  A howler monkey zombie (D:5)
  4 adders
  7 gnolls
  2 shadow imps
  An adder skeleton (D:2)
  4 worms
  8 dart slugs
  12 orcs
  10 bats
  5 endoplasms
  6 giant cockroaches
  5 hobgoblins
  7 jackals
  7 quokkas
  7 ball pythons
  2 ball python skeletons (D:2)
  5 frilled lizards
  8 goblins
  3 kobolds
  2 quokka skeletons (D:2)
  A quokka zombie (D:2)
  8 rats
142 creatures vanquished.

Vanquished Creatures (others)
  2 withered plants (D:2)
2 creatures vanquished.

Grand Total: 144 creatures vanquished

Notes
Turn   | Place    | Note
-------+----------+-------------------------------------------
     0 | D:1      | ytrimaz the Formicid Fighter began the quest for the Orb.
     0 | D:1      | Reached XP level 1. HP: 18/18 MP: 1/1
   170 | D:1      | Found a faded altar of an unknown god.
   178 | D:1      | Reached XP level 2. HP: 18/24 MP: 2/2
   510 | D:1      | Reached XP level 3. HP: 22/30 MP: 3/3
  1632 | D:2      | Noticed Terence
  1635 | D:2      | Killed Terence
  1636 | D:2      | Reached XP level 4. HP: 36/37 MP: 4/4
  1651 | D:2      | Reached skill level 3 in Axes
  1990 | D:2      | Found Jatyav's Assorted Antiques.
  2358 | D:3      | Reached XP level 5. HP: 42/42 MP: 5/5
  2551 | D:3      | Found a glowing drain.
  2556 | Sewer    | Entered a sewer
  2680 | Sewer    | Reached skill level 4 in Axes
  3052 | D:3      | Reached XP level 6. HP: 49/49 MP: 6/6
  3405 | D:3      | Found a radiant altar of Vehumet.
  3413 | D:3      | Found a burning altar of Makhleb.
  3733 | D:4      | Reached skill level 5 in Armour
  3908 | D:4      | Found a staircase to the Ecumenical Temple.
  3929 | D:4      | Noticed an ogre
  3933 | D:4      | Killed an ogre
  3934 | D:4      | Reached skill level 5 in Axes
  3934 | D:4      | Reached XP level 7. HP: 33/55 MP: 7/7
  3947 | Temple   | Entered the Ecumenical Temple
  4298 | Temple   | Became a worshipper of Warmaster Okawaru
  4999 | D:5      | Entered Level 5 of the Dungeon
  5001 | D:5      | Noticed Edmund
  5022 | D:5      | Killed Edmund
  5023 | D:5      | Reached skill level 1 in Invocations
  5199 | D:5      | Identified the +1 scale mail of the Raven {Int+6 Slay-3}
  5221 | D:5      | Noticed a water moccasin
  5231 | D:5      | Killed a water moccasin
  5232 | D:5      | Reached skill level 5 in Fighting
  5232 | D:5      | Reached skill level 6 in Axes
  5232 | D:5      | Reached XP level 8. HP: 56/62 MP: 9/9
  5633 | D:6      | Gained mutation: You are frail. (-10% HP) [potion of
                  | mutation]
  5633 | D:6      | Gained mutation: Your mind is acute. (Int +2) [potion of
                  | mutation]
  5633 | D:6      | Gained mutation: You are somewhat resistant to further
                  | mutation. [potion of mutation]
  5641 | D:6      | Lost mutation: You are frail. (-10% HP) [potion of
                  | mutation]
  5641 | D:6      | Lost mutation: You are somewhat resistant to further
                  | mutation. [potion of mutation]
  5641 | D:6      | Gained mutation: You are strong-willed. (Will+) [potion of
                  | mutation]
  5850 | D:5      | Reached * piety under Okawaru
  5932 | D:6      | Noticed Sigmund
  5946 | D:6      | Killed Sigmund
  5947 | D:6      | Reached skill level 7 in Axes
  6012 | D:6      | Reached XP level 9. HP: 38/69 MP: 8/12
  6073 | D:6      | Noticed a two-headed ogre
  6082 | D:6      | Killed a two-headed ogre
  6082 | D:6      | Reached ** piety under Okawaru
  6083 | D:6      | Reached skill level 8 in Axes
  6083 | D:6      | Reached skill level 5 in Invocations
  6571 | D:6      | Identified a scroll of acquirement
  6573 | D:6      | Acquired a +2 battleaxe of flaming
  6686 | D:7      | Noticed Harold
  6704 | D:7      | Slain by an orc warrior

Illustrated notes

Levels and vault maps discovered:
D:1:      wheals_arrival_linesprint, layout_loops_corners,
          hellmonk_ecumenical_altar_zigzags
D:2:      layout_loops_cross, serial_shops, shop, serial_undead,
          serial_undead_b, serial_undead_b, serial_undead_b, serial_undead_d,
          kennysheep_generic_room_4, uniq_terence
D:3:      layout_loops_ring, grunt_temple_overflow_lords_of_destruction,
          gup_sewer_entry_bowl
D:4:      layout_basic, minmay_temple_entry_stoned_glass
D:5:      layout_basic, uniq_edmund
D:6:      layout_loops_cross, uniq_sigmund
D:7:      layout_cave_pools, serial_shops, shop, dk_noncrumbling_4, uniq_maggie,
          uniq_harold
Temple:   regret_index_temple_generic_petals

Skill      XL: |  1  2  3  4  5  6  7  8  9 |
---------------+----------------------------+-----
Armour         | 4 5 6 7 |  7.5
Fighting       | 4 5 6 |  6.4
Axes           | 3 4 5 6 7 8 |  8.3
Invocations    | 2 4 5 |  5.1
Shields        | |  3.6

Action                   |  1- 3 |  4- 6 |  7- 9 || total
-------------------------+-------+-------+-------++-------
Melee: War axe           |    82 |   190 |   176 ||   448
       Battleaxe         |       |       |    10 ||    10
Invok: Heroism           |       |       |     5 ||     5
 Abil: Dig               |       |     2 |       ||     2
  Use: Scroll            |     2 |     8 |     6 ||    16
       Potion            |       |     2 |     7 ||     9
 Stab: Invisible         |       |       |     5 ||     5
Armor: Scale mail        |    43 |   106 |   118 ||   267
Dodge: Dodged            |    42 |   104 |   107 ||   253
Block: Buckler           |    19 |    53 |    46 ||   118

Table legend: (Time is in decaauts)
 A = Elapsed time spent in this place.
 B = Non-inter-level travel time spent in this place.
 C = Inter-level travel time spent in this place.
 D = Time resting spent in this place.
 E = Time spent auto-exploring this place.
 F = Levels seen in this place.
 G = Mean time per level.
                   A        B        C        D        E       F      G
               +--------+--------+--------+--------+--------+-----+--------+
         Total |   6919 |   6676 |    243 |    299 |   4938 |   9 |  768.8 |
       Dungeon |   5971 |   5765 |    206 |    299 |   4235 |   7 |  853.0 |
        Temple |    392 |    355 |     37 |      0 |    319 |   1 |  392.0 |
         Sewer |    556 |    556 |      0 |      0 |    383 |   1 |  556.0 |
               +--------+--------+--------+--------+--------+-----+--------+

Top non-repeatable levels by time:
     D:1: 1517 daAuts
     D:6: 1092 daAuts
     D:4: 1060 daAuts
     D:2: 874 daAuts
     D:3: 789 daAuts
     D:5: 612 daAuts
   Sewer: 556 daAuts
  Temple: 392 daAuts
     D:7: 24 daAuts
